 Dungeon Crawl Stone Soup version 0.30-a0-626-gd6a5dd7a1f (webtiles) character file.

Game seed: 7296756903511997905

498 bande the Chopper (level 7, -12/44 HPs)
             Began as a Gargoyle Fighter on Jan 12, 2023.
             Mangled by an ogre
             ... wielding a +0 giant spiked club
              (26 damage)
             ... on level 4 of the Dungeon.
             The game lasted 00:05:48 (3518 turns).

bande the Chopper (Gargoyle Fighter)                Turns: 3518, Time: 00:05:48

Health: -12/44     AC: 15    Str: 20    XL:     7   Next: 16%
Magic:  7/7        EV:  7    Int:  8    God:
Gold:   934        SH:  4    Dex: 11    Spells: 6/6 levels left

rFire   . . .      SeeInvis .    a - +0 war axe
rCold   + . .      Faith    .    c - +0 buckler
rNeg    + . .      Spirit   .    e - +0 chain mail
rPois   ∞          Reflect  .    (no helmet)
rElec   +          Harm     .    (no cloak)
rCorr   .          Rampage  .    (no gloves)
Will    .....                    v - +0 pair of boots Stlth
                                 (no amulet)
HPRegen 0.27/turn                f - ring of flight
MPRegen 0.10/turn                i - ring of protection from cold

@: flying
A: sickness immunity, AC +4, negative energy resistance 1, electricity
resistance, torment resistance 1, petrification resistance
a: no special abilities


You were on level 4 of the Dungeon.
You visited 1 branch of the dungeon, and saw 4 of its levels.

You collected 934 gold pieces.

Inventory:

Hand Weapons
 a - a +0 war axe (weapon)
 u - a +0 morningstar
Armour
 c - a +0 buckler (worn)
 e - a +0 chain mail (worn)
 v - a +0 pair of boots (worn)
Jewellery
 f - a ring of flight (left hand)
 i - a ring of protection from cold (right hand)
 m - a ring of positive energy
Potions
 b - a potion of attraction {unknown}
 d - a potion of might
 g - 2 potions of resistance
 h - a potion of curing
 o - a potion of flight
 q - a potion of mutation


   Skills:
 + Level 4.5 Fighting
 + Level 5.2 Axes
 + Level 4.5 Armour
 + Level 4.2 Shields


You had 6 spell levels left.
You didn't know any spells.
Your spell library was empty.

Dungeon Overview and Level Annotations

Branches:
Dungeon (4/15)
 Temple: D:4-7

Altars:
Makhleb
Nemelex Xobeh
Qazlal
Trog

Annotations:
D:4 Menkaure


Innate Abilities, Weirdness & Mutations

You are immune to sickness and miasma.
Your stone body is resilient. (AC +4)
You are immune to poison.
You resist negative energy. (rN+)
You are resistant to electric shocks. (rElec)
You are resistant to unholy torment.
You are immune to petrification.


Message History

No target in view!
No target in view!
No target in view!
A hobgoblin comes into view.
The hobgoblin shouts!
Things that are here:
a scroll of vulnerability; a worm corpse A hobgoblin is nearby!
A hobgoblin is nearby!
An ogre comes into view. It is wielding a +0 giant spiked club.
Found a stone staircase leading up.
The ogre shouts!
Found a scroll of vulnerability.
The hobgoblin hits you but does no damage.
You hit the hobgoblin but do no damage.
Menkaure, Prince of Dust comes into view.
The hobgoblin closely misses you.
A worm comes into view.
You barely miss the ogre. You slash the hobgoblin!
You kill the hobgoblin!
The ogre barely misses you.
Menkaure calls on the powers of darkness!
The ogre convulses!
Your body is wracked with pain!
The worm convulses!
You hit the ogre.
The ogre is heavily wounded.
The ogre hits you with a +0 giant spiked club!!
Ouch! That really hurt!
* * * LOW HITPOINT WARNING * * *
You are too injured to fight recklessly!
You are too injured to fight recklessly!
You are too injured to fight recklessly!
You are too injured to fight recklessly!
You are too injured to fight recklessly!
You are too injured to fight recklessly!
You are too injured to fight recklessly!
You are too injured to fight recklessly!
You feel better.
The ogre hits you with a +0 giant spiked club!!
Ouch! That really hurt!
You die...

##..#....#........[....
##....##...............
##..............)....
#...................
###..............##
##...###.?.>....##
#.... #.........##.
###>. ##........... #..
#...@O(♣... #.
#.....†...M..
........♣...<..
#....###....... .......
..♣...♣ .....# .......
##... ... .?. #.. ...
..


You could see an ogre and Menkaure.

Vanquished Creatures
  Grinder (D:3)
  A scorpion (D:4)
  An orc priest (D:4)
  A hound (D:4)
  Terence (D:3)
  3 gnolls (D:4)
  2 adders
  An ufetubus (D:4)
  4 worms
  3 dart slugs (D:1)
  3 orcs
  9 ball pythons
  4 bats
  8 endoplasms
  A giant cockroach (D:2)
  6 goblins
  8 hobgoblins
  6 kobolds
  6 quokkas
  2 frilled lizards
  5 rats
76 creatures vanquished.

Notes
Turn   | Place    | Note
-------+----------+-------------------------------------------
     0 | D:1      | bande the Gargoyle Fighter began the quest for the Orb.
     0 | D:1      | Reached XP level 1. HP: 14/14 MP: 1/1
    96 | D:1      | Reached XP level 2. HP: 19/19 MP: 2/2
   241 | D:1      | Reached skill level 2 in Axes
   333 | D:1      | Reached XP level 3. HP: 19/23 MP: 3/3
  1703 | D:2      | Reached XP level 4. HP: 28/28 MP: 4/4
  2109 | D:3      | Found a stormy altar of Qazlal.
  2146 | D:3      | Found a burning altar of Makhleb.
  2258 | D:3      | Found a sparkling altar of Nemelex Xobeh.
  2293 | D:3      | Identified a scroll of acquirement
  2293 | D:3      | Acquired 771 gold pieces
  2344 | D:3      | Noticed Terence
  2345 | D:3      | Found a bloodstained altar of Trog.
  2354 | D:3      | Killed Terence
  2355 | D:3      | Reached skill level 3 in Axes
  2477 | D:3      | Reached XP level 5. HP: 26/33 MP: 5/5
  2575 | D:3      | Noticed Grinder
  2580 | D:3      | Paralysed by Grinder for 2 turns
  2584 | D:3      | Paralysed by Grinder for 3 turns
  2589 | D:3      | Killed Grinder
  2590 | D:3      | Reached skill level 4 in Axes
  2590 | D:3      | Reached XP level 6. HP: 26/38 MP: 6/6
  3043 | D:4      | Reached skill level 5 in Axes
  3046 | D:4      | Reached XP level 7. HP: 19/44 MP: 7/7
  3049 | D:4      | HP: 1/44 [gnoll/+0 spear (4)]
  3515 | D:4      | Noticed Menkaure
  3518 | D:4      | Mangled by an ogre

Illustrated notes

Levels and vault maps discovered:
D:1:      dpeg_arrival_signposts, layout_basic
D:2:      kb_forest_paths, layout_basic
D:3:      layout_basic, mainiacjoe_overflow_chevrons,
          mainiacjoe_overflow_two_lobes, mainiacjoe_overflow_cross_hatched,
          grunt_ministairs_13, uniq_terence, uniq_grinder
D:4:      layout_cave_pools, lemuel_coloured_pillars_altar, serial_rivers,
          chequers_serial_rivers_large_b, chequers_serial_rivers_small_a,
          chequers_serial_rivers_large_a, chequers_serial_rivers_micro_b,
          kennysheep_nondescript, grunt_ministairs_2,
          nicolae_figureground_sparkle, uniq_menkaure, uniq_crazy_yiuf_cottage,
          uniq_robin

Skill      XL: |  1  2  3  4  5  6 |
---------------+-------------------+-----
Axes           | 2 3 4 5 |  5.2
Shields        | 4 |  4.2
Armour         | 4 |  4.5
Fighting       | 4 |  4.5

Action                   |  1- 3 |  4- 6 |  7- 9 || total
-------------------------+-------+-------+-------++-------
Melee: War axe           |   127 |    84 |    28 ||   239
  Use: Scroll            |       |    13 |       ||    13
       Potion            |       |       |     2 ||     2
Armor: Scale mail        |    78 |    22 |       ||   100
       Chain mail        |       |    26 |    33 ||    59
Dodge: Dodged            |    64 |    41 |    17 ||   122
Block: Buckler           |    25 |    20 |    11 ||    56

Table legend: (Time is in decaauts)
 A = Elapsed time spent in this place.
 B = Non-inter-level travel time spent in this place.
 C = Inter-level travel time spent in this place.
 D = Time resting spent in this place.
 E = Time spent auto-exploring this place.
 F = Levels seen in this place.
 G = Mean time per level.
                   A        B        C        D        E       F      G
               +--------+--------+--------+--------+--------+-----+--------+
         Total |   3612 |   3567 |     45 |    472 |   2407 |   4 |  903.0 |
       Dungeon |   3612 |   3567 |     45 |    472 |   2407 |   4 |  903.0 |
               +--------+--------+--------+--------+--------+-----+--------+

Top non-repeatable levels by time:
     D:3: 1383 daAuts
     D:1: 1077 daAuts
     D:2: 981 daAuts
     D:4: 169 daAuts
